 Dungeon Crawl Stone Soup version 0.25-a0-860-gf695395b5c (webtiles) character file.

Game seed: 12106149098762280131, levelgen mode: classic

1228 EnegeticOcto the Chopper (level 8, 50/76 HPs)
             Began as a Deep Dwarf Fighter on Apr 28, 2020.
             Quit the game in the Ecumenical Temple.
             The game lasted 00:02:10 (3080 turns).

EnegeticOcto the Chopper (Deep Dwarf Fighter)       Turns: 3080, Time: 00:02:11

Health: 50/76      AC: 10    Str: 22    XL:     8   Next: 23%
Magic:  5/5        EV: 10    Int:  9    God:
Gold:   146        SH: 10    Dex: 12    Spells: 7/7 levels left

rFire    . . .     SeeInvis .   a - +0 war axe
rCold    . . .     Gourm    .   m - +0 kite shield
rNeg     . . .     Faith    .   b - +0 scale mail
rPois    +         Spirit   .   (no helmet)
rElec    .         Reflect  .   w - +1 cloak {rPois}
rCorr    .         Harm     .   (no gloves)
MR       +....                  j - +0 pair of boots
Stlth    ..........             (no amulet)
HPRegen  0.00/turn              s - +3 ring of evasion
MPRegen  0.09/turn              (no ring)

@: non-regenerating
A: damage resistance, heal wounds, sense surroundings 1, no regeneration
a: Heal Wounds


You were in the Ecumenical Temple.
You were hungry.

You visited 2 branches of the dungeon, and saw 6 of its levels.

You collected 146 gold pieces.

Inventory:

Hand Weapons
 a - a +0 war axe (weapon)
Armour
 b - a +0 scale mail (worn)
 j - a +0 pair of boots (worn)
 m - a +0 kite shield (worn)
 w - a +1 cloak of poison resistance (worn)
Jewellery
 s - a +3 ring of evasion (left hand)
Wands
 o - a wand of iceblast (11)
 u - a wand of polymorph (8)
Scrolls
 f - a scroll of amnesia {unknown}
 h - 2 scrolls of noise {unknown}
 i - 7 scrolls of identify {unknown}
 x - a scroll of remove curse {@r6}
Potions
 c - a potion of flight {unknown}
 d - a potion of lignification {unknown}
 g - a potion of magic {unknown}
 k - a potion of might {@q3}
 l - a potion of mutation {unknown}
 n - 3 potions of curing {unknown}
 q - 2 potions of degeneration {unknown}
 r - 3 potions of stabbing {unknown}
 t - a potion of resistance {unknown}
 v - 2 potions of heal wounds {unknown}
Comestibles
 e - 12 rations


   Skills:
 * Level 5.9 Fighting
 * Level 6.6 Axes
 + Level 5.4 Armour
 + Level 5.5 Shields


You had 7 spell levels left.
You didn't know any spells.
Your spell library was empty.

Dungeon Overview and Level Annotations

Branches:
Dungeon (5/15)             Temple (1/1) D:5

Altars:
Ashenzari
Cheibriados
Elyvilon
Fedhas
Gozag
Hepliaklqana
Kikubaaqudgha
Nemelex Xobeh
Okawaru
Qazlal
Ru
Sif Muna
Trog
Uskayaw
Vehumet
Wu Jian
Xom
Yredelemnul
Zin

Shops:
D:5 (

Annotations:
D:5 2 transporters, Kendiley23's ghost, novice DrFE


Innate Abilities, Weirdness & Mutations

You are resistant to damage.
You can heal yourself by infusing magical energy.
You passively map a small area around you.
You do not regenerate.


Message History

You butcher the giant cockroach corpse.
p - 2 chunks of flesh (gained 1)
There is an open door here.
There is an entrance to Nequ's Antique Weapon Shop here.
There is an open door here.
You now have 146 gold pieces (gained 16).
Some of the chunks of flesh in your inventory have rotted away.
The gnoll shaman shouts!
You hear a shout!
Found a hand crossbow.
You see here a hand crossbow.
Eating a chunk of flesh.
You eat the chunk of flesh.
This raw flesh tastes terrible.
Found a stone staircase leading down.
There is a stone staircase leading down here.
The gnoll sergeant shouts!
Found a transporter.
The gnoll shouts!
You hear a shout!
The gnoll shouts!
The gnoll shouts!
Found a staircase to the Ecumenical Temple.
No target in view!
No target in view!
No target in view!
No target in view!
No target in view!
No target in view!
No target in view!
No target in view!
No target in view!
There is a staircase to the Ecumenical Temple here.
You see here a hand crossbow.
The gnoll shouts!
You hear a shout!
The gnoll shouts!
The gnoll shouts!
You see here 3 arrows.
Partly explored, unvisited transporter.
Unknown command.
Partly explored, unvisited transporter.
Partly explored, unvisited transporter.
Partly explored, unvisited transporter.
Partly explored, unvisited transporter.
Unknown command.
Partly explored, unvisited transporter.
Partly explored, unvisited transporter.
Partly explored, unvisited transporter.
No target in view!
No target in view!
No target in view!
No target in view!
No target in view!
Partly explored, unvisited transporter.
Partly explored, unvisited transporter.
Partly explored, unvisited transporter.
You are feeling hungry.
There is a staircase to the Ecumenical Temple here.
There is a staircase to the Ecumenical Temple here.
You climb downwards.
Welcome to the Ecumenical Temple!
There is a staircase back to the Dungeon here.
You fail to use your ability.
Found a stormy altar of Qazlal.
Found a shimmering altar of Xom.
Found a glowing silver altar of Zin and a radiant altar of Vehumet.
No target in view!
No target in view!
No target in view!
No target in view!
No target in view!
No target in view!
No target in view!
No target in view!
No target in view!
Found a hide-covered altar of Uskayaw.
Found a sacrificial altar of Ru and a shimmering blue altar of Sif Muna.
Found two altars.
No target in view!
No target in view!
No target in view!
No target in view!
No target in view!
No target in view!
No target in view!
No target in view!
No target in view!
No target in view!
No target in view!
Found a blossoming altar of Fedhas.
Found an opulent altar of Gozag.
There is an ornate altar of the Wu Jian Council here.
Found an iron altar of Okawaru.
There is a shimmering blue altar of Sif Muna here.
Found an ancient bone altar of Kikubaaqudgha.
There is a sacrificial altar of Ru here.
There is a radiant altar of Vehumet here.
Found a white marble altar of Elyvilon.
Found a snail-covered altar of Cheibriados.
Done exploring.
Done exploring.
Search for what [Enter for "."]? mak Can't find anything matching that.
Are you sure you want to abandon this character and quit the game? (Confirm with "yes".)

#........._.......###...
#......≈......#####.....
#..._.......#.#......._.
#.......#####......≈....
#.....###......._.......
#######......≈......####
#........._.......###...
#......≈......#####.....
#..._..@....#.#......._.
#.......#####......#....
#.....###......._.......
#######.............####
#........._.......###
#......#......#####
#...<.......###
#.......##### #.......#


There were no monsters in sight!

Vanquished Creatures
  Sigmund (D:4)
  Purgy (D:3)
  An ice beast (D:3)
  3 phantoms
  Blork the orc (D:5)
  A scorpion (D:5)
  2 howler monkeys (D:4)
  3 crimson imps (D:3)
  An orc priest (D:5)
  An orc wizard (D:5)
  Crazy Yiuf (D:4)
  Jessica (D:3)
  Ijyb (D:4)
  An iguana (D:5)
  A worker ant (D:4)
  9 adders
  An ooze (D:3)
  An adder zombie (D:5)
  2 worms
  3 dart slugs
  2 leopard geckos
  3 orcs
  2 ball pythons (D:2)
  3 bats
  7 giant cockroaches
  5 hobgoblins
  5 jackals (D:4)
  2 frilled lizards
  2 goblins
  3 kobolds
  A leopard gecko skeleton (D:5)
  7 rats
78 creatures vanquished.

Vanquished Creatures (others)
  6 plants (D:5)
6 creatures vanquished.

Grand Total: 84 creatures vanquished

Notes
Turn   | Place    | Note
-------+----------+-------------------------------------------
     0 | D:1      | EnegeticOcto the Deep Dwarf Fighter began the quest for the
                  | Orb.
     0 | D:1      | Reached XP level 1. HP: 20/20 MP: 1/1
   143 | D:1      | Reached XP level 2. HP: 24/27 MP: 2/2
   290 | D:2      | Reached XP level 3. HP: 20/34 MP: 3/3
   364 | D:3      | Noticed Jessica
   369 | D:3      | Reached skill level 3 in Axes
   370 | D:3      | Killed Jessica
   375 | D:3      | Reached XP level 4. HP: 42/42 MP: 3/3
   496 | D:3      | Noticed Purgy
   507 | D:3      | Killed Purgy
   507 | D:3      | Reached XP level 5. HP: 42/50 MP: 4/4
   524 | D:3      | Found a shimmering altar of Xom.
   534 | D:3      | Reached skill level 4 in Axes
   595 | D:3      | Found a basalt altar of Yredelemnul.
   696 | D:3      | Noticed an ice beast
   712 | D:3      | Killed an ice beast
   712 | D:3      | Reached XP level 6. HP: 32/57 MP: 5/5
   879 | D:3      | Found a hazy altar of Hepliaklqana.
  1035 | D:4      | Noticed Ijyb
  1052 | D:4      | Killed Ijyb
  1080 | D:4      | Reached skill level 5 in Axes
  1080 | D:4      | Reached XP level 7. HP: 60/66 MP: 6/6
  1255 | D:4      | Found a sparkling altar of Nemelex Xobeh.
  1399 | D:4      | Found a runed translucent door.
  1400 | D:4      | Noticed Crazy Yiuf
  1573 | D:4      | Noticed Sigmund
  1580 | D:4      | Killed Sigmund
  1580 | D:4      | Reached skill level 5 in Fighting
  1591 | D:4      | Reached skill level 5 in Shields
  1784 | D:4      | Reached skill level 5 in Armour
  1893 | D:4      | Noticed a moth of wrath
  1896 | D:4      | Found a bloodstained altar of Trog.
  2050 | D:4      | Killed Crazy Yiuf
  2050 | D:4      | Reached skill level 6 in Axes
  2119 | D:5      | Entered Level 5 of the Dungeon
  2169 | D:5      | Noticed Blork the orc
  2178 | D:5      | Killed Blork the orc
  2178 | D:5      | Reached XP level 8. HP: 40/75 MP: 6/6
  2411 | D:5      | Found a transporter.
  2451 | D:5      | Found Nequ's Antique Weapon Shop.
  2640 | D:5      | Identified the +8 trident of Werock {pain, +Blink rN+ Int+4
                  | Stlth+}
  2643 | D:5      | Found a transporter.
  2674 | D:5      | Found a staircase to the Ecumenical Temple.
  2867 | D:5      | Noticed Kendiley23's ghost (novice DrFE)
  2970 | Temple   | Entered the Ecumenical Temple
  3080 | Temple   | Quit the game

Levels and vault maps discovered:
D:1:      ncdulo_lavacross, layout_rooms, minmay_pentomino_q2
D:2:      layout_basic
D:3:      layout_loops_ring, overflow_temple_1_default,
          nicolae_overflow_hidden_temple, first_ration, led_xom_imps,
          uniq_purgy, uniq_jessica
D:4:      layout_basic, tgw_trog, nemelex_altar_shiori, skrybe_limestone_x,
          minmay_circle_x, uniq_sigmund, uniq_ijyb, uniq_crazy_yiuf_cottage
D:5:      layout_basic, minmay_temple_entry_antechambers,
          gammafunk_ghost_gnarly_gnolls, serial_shops,
          nicolae_shop_window_shopping, st_stairs_11, minmay_statues_item,
          uniq_blork_the_orc
Temple:   regret_index_temple_waves

Skill      XL: |  1  2  3  4  5  6  7 |
---------------+----------------------+-----
Fighting       | 3 4 5 |  5.9
Axes           | 3 4 5 6 |  6.6
Armour         | 4 5 |  5.4
Shields        | 4 5 |  5.5

Action                   |  1- 3 |  4- 6 |  7- 9 || total
-------------------------+-------+-------+-------++-------
Melee: War axe           |    75 |   138 |   171 ||   384
 Abil: Heal Wounds       |     1 |     2 |     3 ||     6
  Use: Scroll            |       |       |     2 ||     2
  Eat: Chunk             |       |     1 |     6 ||     7
Armor: Scale mail        |    42 |    58 |    60 ||   160
Dodge: Dodged            |    31 |    35 |    38 ||   104
Block: Kite shield       |    48 |    62 |    90 ||   200

Table legend:
 A = Non-vault XP
 B = Vault XP
 C = Vault XP percentage of total XP
 D = Non-vault monster count
 E = Vault monster count
 F = Vault count percentage of total count
                 A         B        C        D         E       F
            +---------+---------+-------+---------+---------+-------
      Total |     995 |     760 |  43.3 |      58 |      20 |  25.6
            +---------+---------+-------+---------+---------+-------
        D:1 |      15 |       0 |   0.0 |       7 |       0 |   0.0
        D:2 |      34 |       0 |   0.0 |      11 |       0 |   0.0
        D:3 |     168 |     313 |  65.1 |      12 |       5 |  29.4
        D:4 |     435 |     325 |  42.8 |      13 |      12 |  48.0
        D:5 |     343 |     122 |  26.2 |      15 |       3 |  16.7
            +---------+---------+-------+---------+---------+-------
